 Dungeon Crawl Stone Soup version 0.30.1-9-gdf580d7c3d (webtiles) character file.

Game seed: 11605325859055152511

88382 KittyFluff the Tortoise (level 15, -8/96 HPs)
             Began as a Gargoyle Berserker on Oct 19, 2023.
             Was the Champion of Trog.
             Mangled by a skeletal warrior
             ... wielding a +1 flail
              (11 damage)
             ... on level 15 of the Dungeon.
             The game lasted 01:34:55 (19806 turns).

KittyFluff the Tortoise (Gargoyle Berserker)       Turns: 19806, Time: 01:34:57

Health: -8/96      AC: 29    Str: 34    XL:     15   Next: 93%
Magic:  15/15      EV: 18    Int:  8    God:    Trog [******]
Gold:   2320       SH:  5    Dex: 11    Spells: 14/14 levels left

rFire   . . .        P - +3 flail of No Interval {drain, rPois Str+6}
rCold   + . .        (no shield)
rNeg    + + .        W - +0 chain mail
rPois   ∞            E - +0 helmet
rElec   +            x - +0 cloak
rCorr   .            (no gloves)
SInv    .            (no boots)
Will    +....        X - amulet of reflection Stlth
                     m - +5 ring of evasion
HPRegen 0.36/turn    h - ring "Bowuc" {rC+ rN+ Str+2}
MPRegen 0.14/turn

%: reflection
@: about to teleport, flying
A: sickness immunity, AC +11, big wings, negative energy resistance 1,
electricity resistance, torment resistance 1, petrification resistance
a: Renounce Religion, Berserk, Trog's Hand, Brothers in Arms


You were on level 15 of the Dungeon.
You worshipped Trog.
Trog was exalted by your worship.
You visited 2 branches of the dungeon, and saw 20 of its levels.
You also visited: Ossuary.

You collected 2320 gold pieces.

Inventory:

Hand Weapons
 a - a +2 shortbow of freezing
 s - a +0 morningstar
 P - the +3 flail of No Interval (weapon) {drain, rPois Str+6}
   (You found it on level 1 of the Lair of Beasts)

   Str:       It affects your strength (+6).
   rPois:     It protects you from poison.
 U - a +0 arbalest
 V - a +5 heavy great mace
Missiles
 b - 7 javelins (quivered)
 y - 25 poisoned darts
 L - 6 atropa-tipped darts
 R - 2 throwing nets
Armour
 x - a +0 cloak (worn)
 D - a +2 leather armour of poison resistance
 E - a +0 helmet (worn)
 G - a +0 troll leather armour
 W - a +0 chain mail (worn)
Jewellery
 h - the ring "Bowuc" (right hand) {rC+ rN+ Str+2}
   (You found it on level 5 of the Lair of Beasts)

   [ring of positive energy]

   Str:       It affects your strength (+2).
   rC:        It protects you from cold.
   rN:        It protects you from negative energy.
 m - a +5 ring of evasion (left hand)
 K - a +5 ring of evasion
 X - an amulet of reflection (around neck)
 Y - a ring of resist corrosion
 Z - a ring of fire
Wands
 q - a wand of quicksilver (8)
 t - a wand of charming (13)
 v - a wand of digging (7)
 w - a wand of mindburst (17)
 I - a wand of flame (11)
 S - a wand of polymorph (1)
Scrolls
 c - 3 scrolls of enchant armour
 g - 5 scrolls of enchant weapon
 i - 3 scrolls of fear {unknown}
 j - 5 scrolls of immolation {unknown}
 l - 5 scrolls of teleportation
 n - a scroll of summoning
 u - 3 scrolls of fog {unknown}
 C - 2 scrolls of magic mapping {unknown}
 J - 3 scrolls of torment {unknown}
 N - 2 scrolls of poison {unknown}
 O - a scroll of silence
 T - 3 scrolls of blinking {unknown}
Potions
 d - 4 potions of haste
 e - 12 potions of curing {unknown}
 k - 5 potions of heal wounds
 o - 4 potions of might
 p - a potion of invisibility {unknown}
 r - a potion of attraction {unknown}
 z - a potion of cancellation
 A - a potion of berserk rage {unknown}
 B - 4 potions of brilliance {unknown}
 H - 2 potions of magic {unknown}
 M - 3 potions of lignification {unknown}
 Q - a potion of ambrosia {unknown}


   Skills:
 + Level 12.2 Fighting
 * Level 15.4 Maces & Flails
 * Level 17.6 Armour
 + Level 9.2 Dodging


You had 14 spell levels left.
You didn't know any spells.
Your spell library was empty.

Dungeon Overview and Level Annotations

Branches:
Dungeon (15/15)            Temple (0/1) D:4            Lair (5/5) D:9
  Swamp (0/4) Lair:2        Snake (0/4) Lair:2        Slime (0/5) Lair:4
    Orc (0/2) D:11         Vaults (0/5) D:13        Ossuary (visited)
 Depths: D:15

Altars:
Dithmenos
Elyvilon
Fedhas
Gozag
Hepliaklqana
Makhleb
Nemelex Xobeh
Okawaru
Ru
Trog
Wu Jian
Xom
Yredelemnul
Zin
The Shining One

Annotations:
D:8 1 transporter
D:13 2 transporters, bearlyready's ghost, journeyman FoFi
D:14 1 runed translucent door


Innate Abilities, Weirdness & Mutations

You are immune to sickness and miasma.
Your stone body is resilient. (AC +11)
You are immune to poison.
Your large and strong wings let you fly.
You resist negative energy. (rN+)
You are resistant to electric shocks. (rElec)
You are resistant to unholy torment.
You are immune to petrification.


Message History

The skeletal warrior hits you but does no damage.
The skeletal warrior hits you from afar with a +0 halberd.
The skeletal warrior closely misses you.
The skeletal warrior misses you.
You hit the skeletal warrior.
The skeletal warrior is lightly damaged.
The skeletal warrior hits you with a +0 mace!
* * * LOW HITPOINT WARNING * * *
The skeletal warrior hits you but does no damage.
The skeletal warrior closely misses you.
The skeletal warrior hits you but does no damage.
As you read the scroll of teleportation, it crumbles to dust.
You feel strangely unstable. The skeletal warrior barely misses you.
The skeletal warrior hits you but does no damage. x2
The skeletal warrior completely misses you.
You hit the skeletal warrior but do no damage.
The skeletal warrior is lightly damaged.
You sock the skeletal warrior!
The skeletal warrior is lightly damaged.
The skeletal warrior barely misses you. The skeletal warrior misses you.
The skeletal warrior hits you with a +1 flail.
* * * LOW HITPOINT WARNING * * *
The skeletal warrior hits you but does no damage.
You thump the skeletal warrior!
The skeletal warrior is moderately damaged.
You block the skeletal warrior's attack.
The skeletal warrior hits you but does no damage.
The skeletal warrior completely misses you.
The skeletal warrior hits you with a +1 flail.
* * * LOW HITPOINT WARNING * * *
You hit the skeletal warrior but do no damage.
The skeletal warrior is moderately damaged.
You closely miss the skeletal warrior.
The skeletal warrior is moderately damaged.
You block the skeletal warrior's attack.
The skeletal warrior closely misses you.
The skeletal warrior hits you with a +0 battleaxe!!
* * * LOW HITPOINT WARNING * * *
The skeletal warrior hits you with a +1 flail!
You die...

##... ##+## #.... ##...##
##... ##.....## ##.#
....... #'# ..... ##.#
... ##..# ##z# #+##..##
##z@# #....## #zz##
#####...# #.z# #+#.#
##..#
###.##..#####...####..###
.........................
................(........
.zz...####..########..###
...... #..# #..# .z....
#..# #..#


You could see 5 skeletal warriors.

Vanquished Creatures
  A frost giant (D:10)
  A dire elephant (Lair:5)
  Harold (Lair:1)
  An ice dragon (D:10)
  3 hydras
  Erolcha (D:11)
  3 catoblepae
  3 centaur warriors
  Erica (D:11)
  5 death yaks
  Nergalle (Lair:2)
  2 skysharks
  A spectral death yak (Lair:5)
  A spectral anaconda (Lair:5)
  A lindwurm (Lair:5)
  4 deep elf pyromancers
  2 necromancers (Lair:5)
  An obsidian statue (Lair:5)
  A manticore (D:12)
  A cyclops (D:11)
  A dire elephant zombie (Lair:5)
  5 slime creatures
  An ice statue (D:10)
  3 black mambas
  13 cane toads
  9 elephants
  A torpor snail (shapeshifter) (D:13)
  3 gargoyles
  A torpor snail (Lair:5)
  3 rime drakes
  5 komodo dragons
  2 kobold demonologists
  4 hornets
  6 trolls
  A polar bear (Lair:3)
  10 blink frogs
  7 dream sheep (Lair:5)
  4 wraiths
  A shadow (D:11)
  2 vampires (D:13)
  A dire elephant simulacrum (Lair:5)
  50 yaks
  4 wyverns
  Eustachio (D:6)
  11 vampire mosquitoes
  3 basilisks
  A hog (shapeshifter) (D:14)
  A death yak simulacrum (Lair:5)
  4 nagas (Lair:2)
  11 water moccasins
  3 spectral cane toads (Lair:5)
  The ghost of growler the Gusty, an amateur TeAE (D:4)
  20 ice beasts
  A sky beast (D:7)
  A black bear (D:5)
  5 orc warriors
  5 ogres
  7 wolves
  2 boggarts (D:14)
  An elephant zombie (Lair:5)
  An elephant skeleton (Lair:5)
  16 centaurs
  A kobold brigand (D:8)
  A phantom (D:5)
  An elf zombie (Ossuary)
  2 scorpions
  12 bullfrogs
  3 cane toad simulacra (Lair:5)
  26 killer bees
  2 troll zombies (D:11)
  5 howler monkeys
  5 electric eels (D:10)
  15 jellies
  6 hounds
  5 orc priests
  A gnoll bouda (D:7)
  4 sleepcaps (D:5)
  2 iguanas (D:5)
  9 orc wizards
  3 hell rats (D:9)
  6 ogre zombies (D:11)
  A mummy (Ossuary)
  5 gnolls (D:7)
  6 adders
  2 river rats (D:9)
  A shadow imp (D:5)
  A white imp (D:8)
  3 ufetubi
  An adder zombie (Ossuary)
  A worm (D:4)
  2 dart slugs
  39 orcs
  3 ball pythons
  9 endoplasms
  A giant cockroach (D:4)
  5 goblins
  10 hobgoblins
  4 bats
  4 frilled lizards (D:1)
  A goblin zombie (D:11)
  A hobgoblin skeleton (D:11)
  4 hobgoblin zombies (D:11)
  11 kobolds
  4 orc skeletons (D:11)
  15 orc zombies (D:11)
  12 rats
522 creatures vanquished.

Vanquished Creatures (others)
  A wizard (D:13)
  An orc (D:4)
  A spectral weapon (D:9)
3 creatures vanquished.

Grand Total: 525 creatures vanquished

Notes
Turn   | Place    | Note
-------+----------+-------------------------------------------
     0 | D:1      | KittyFluff the Gargoyle Berserker began the quest for the
                  | Orb.
     0 | D:1      | Reached XP level 1. HP: 14/14 MP: 1/1
   150 | D:1      | Reached XP level 2. HP: 19/19 MP: 2/2
   656 | D:1      | Reached XP level 3. HP: 17/23 MP: 3/3
   685 | D:1      | Reached ** piety under Trog
  1101 | D:2      | Reached skill level 3 in Armour
  1349 | D:3      | Found an iron altar of Okawaru.
  1429 | D:3      | Found a blossoming altar of Fedhas.
  2020 | D:3      | Reached XP level 4. HP: 29/29 MP: 4/4
  2213 | D:4      | Noticed an ice beast
  2218 | D:4      | Killed an ice beast
  2219 | D:4      | Reached XP level 5. HP: 33/33 MP: 5/5
  2365 | D:4      | Found an opulent altar of Gozag.
  2365 | D:4      | Found a hazy altar of Hepliaklqana.
  2374 | D:4      | Reached skill level 4 in Armour
  2472 | D:4      | Found a staircase to the Ecumenical Temple.
  2490 | D:4      | Reached XP level 6. HP: 37/38 MP: 6/6
  2800 | D:4      | Found a shadowy altar of Dithmenos.
  2845 | D:4      | Found a runed translucent gate.
  2847 | D:4      | Found a runed translucent gate.
  2848 | D:4      | Found a runed translucent gate.
  2850 | D:4      | Noticed growler's ghost (amateur TeAE)
  2852 | D:4      | Identified the +0 hand axe of Ysme {antimagic, +Blink}
  3150 | D:4      | Killed growler's ghost
  3247 | D:4      | Reached *** piety under Trog
  3261 | D:4      | Reached skill level 5 in Maces & Flails
  3261 | D:4      | Reached XP level 7. HP: 44/44 MP: 7/7
  3322 | D:5      | Entered Level 5 of the Dungeon
  3344 | D:5      | Reached skill level 5 in Armour
  3437 | D:5      | Found a sand-covered staircase.
  3446 | Ossuary  | Entered an ossuary
  3488 | Ossuary  | Reached skill level 5 in Fighting
  3693 | D:5      | Found a white marble altar of Elyvilon.
  3760 | D:5      | Reached XP level 8. HP: 46/49 MP: 8/8
  3900 | D:5      | Reached skill level 6 in Armour
  4146 | D:5      | Found a burning altar of Makhleb.
  4219 | D:5      | Found a basalt altar of Yredelemnul.
  4240 | D:5      | Found a glowing golden altar of the Shining One.
  4556 | D:6      | Reached skill level 7 in Armour
  4653 | D:6      | Noticed Eustachio
  4676 | D:6      | Killed Eustachio
  4677 | D:6      | Reached XP level 9. HP: 55/55 MP: 9/9
  4906 | D:6      | Found a glowing silver altar of Zin.
  4936 | D:6      | Reached **** piety under Trog
  5817 | D:7      | Reached skill level 8 in Armour
  6343 | D:8      | Noticed a hornet
  6353 | D:8      | Killed a hornet
  6464 | D:8      | Found a sacrificial altar of Ru.
  6721 | D:8      | Found a sparkling altar of Nemelex Xobeh.
  6721 | D:8      | Found a transporter.
  6792 | D:8      | Found an ornate altar of the Wu Jian Council.
  7099 | D:8      | Found a bloodstained altar of Trog.
  7314 | D:9      | Noticed a death yak
  7318 | D:9      | Noticed a death yak
  7320 | D:9      | Noticed a death yak
  7337 | D:9      | Killed a death yak
  7338 | D:9      | Reached skill level 9 in Armour
  7338 | D:9      | Reached XP level 10. HP: 33/63 MP: 10/10
  7340 | D:9      | Reached skill level 5 in Dodging
  8289 | D:9      | Found a shimmering altar of Xom.
  8397 | D:8      | Killed a death yak
  8398 | D:8      | Reached skill level 10 in Armour
  8452 | D:9      | Killed a death yak
  8647 | D:9      | Reached skill level 10 in Maces & Flails
  8779 | D:9      | Reached XP level 11. HP: 68/68 MP: 11/11
  8937 | D:9      | Found a staircase to the Lair.
  9040 | D:10     | Entered Level 10 of the Dungeon
  9277 | D:10     | Reached skill level 11 in Armour
  9375 | D:10     | Reached ***** piety under Trog
 10040 | Lair:1   | Entered Level 1 of the Lair of Beasts
 10040 | Lair:1   | Noticed a catoblepas
 10064 | D:9      | Killed a catoblepas
 10295 | Lair:1   | Identified the +3 flail of No Interval {drain, rPois Str+6}
 10367 | Lair:1   | Noticed Harold
 10380 | Lair:1   | Killed Harold
 10612 | Lair:1   | Reached skill level 12 in Armour
 10767 | Lair:2   | Reached XP level 12. HP: 73/76 MP: 12/12
 10859 | Lair:2   | Found a staircase to the Snake Pit.
 10907 | Lair:2   | Noticed a catoblepas
 10952 | Lair:1   | Killed a catoblepas
 11271 | Lair:2   | Reached skill level 13 in Armour
 11396 | Lair:2   | Noticed Nergalle
 11413 | Lair:2   | Killed Nergalle
 11482 | Lair:2   | Found a staircase to the Swamp.
 11611 | Lair:2   | Reached skill level 10 in Fighting
 11809 | Lair:3   | Noticed a six-headed hydra
 11819 | Lair:3   | Killed a six-headed hydra
 11968 | Lair:3   | Noticed a skyshark
 11977 | Lair:3   | Killed a skyshark
 11978 | Lair:3   | Reached XP level 13. HP: 79/82 MP: 13/13
 12617 | Lair:4   | Reached skill level 14 in Armour
 12773 | Lair:4   | Found a staircase to the Slime Pits.
 12832 | Lair:4   | Reached ****** piety under Trog
 13409 | Lair:5   | Entered Level 5 of the Lair of Beasts
 13633 | Lair:5   | Received a gift from Trog
 14443 | Lair:5   | Noticed a dire elephant
 14443 | Lair:5   | Noticed a dire elephant
 14443 | Lair:5   | Noticed a dire elephant
 14443 | Lair:5   | Noticed a dire elephant
 14464 | Lair:5   | Killed a dire elephant
 14465 | Lair:5   | Reached skill level 15 in Armour
 14673 | Lair:5   | Gained mutation: Your large and strong wings let you fly.
                  | [Gargoyle growth]
 14673 | Lair:5   | Reached XP level 14. HP: 76/90 MP: 14/14
 15140 | Lair:5   | Identified the ring "Bowuc" {rC+ rN+ Str+2}
 15737 | D:10     | Noticed a frost giant
 15756 | D:10     | Killed a frost giant
 16074 | D:11     | Noticed Erolcha
 16081 | D:11     | Killed Erolcha
 16238 | D:11     | Received a gift from Trog
 16240 | D:11     | Noticed Erica
 16260 | D:11     | Killed Erica
 16337 | D:11     | Found a staircase to the Orcish Mines.
 16534 | D:11     | You are sucked into a shaft and drop 1 floor!
 17037 | D:12     | Reached skill level 15 in Maces & Flails
 17235 | D:12     | Reached skill level 16 in Armour
 17287 | D:12     | Received a gift from Trog
 17432 | D:13     | Reached skill level 17 in Armour
 17432 | D:13     | Reached XP level 15. HP: 79/96 MP: 15/15
 17534 | D:13     | Found a transporter.
 17538 | D:13     | Noticed bearlyready's ghost (journeyman FoFi)
 17623 | D:13     | Identified a scroll of acquirement
 17679 | D:13     | Acquired 1149 gold pieces
 17866 | D:13     | Found a transporter.
 17869 | D:13     | Identified the staff of poison "Joempos" {rPois rF+ Int+2
                  | Dex+5}
 17970 | D:13     | Found a gate to the Vaults.
 18387 | D:14     | Found a runed translucent door.
 19708 | D:15     | Entered Level 15 of the Dungeon
 19806 | D:15     | HP: 3/96 [skeletal warrior/+0 battleaxe (19)]
 19806 | D:15     | Mangled by a skeletal warrior

Illustrated notes

Levels and vault maps discovered:
D:1:      psy_arrival_whirlpool, layout_loops_ring, st_stairs_8,
          corexii_item_surrounded_by_moat
D:2:      layout_rooms
D:3:      layout_basic, hellmonk_okawaru_the_only_friend_you_need,
          fedhas_ov_isle_minmay, grunt_ministairs_13, chequers_garden
D:4:      layout_basic, gammafunk_temple_overflow_wave, grunt_dithmenos_smoke,
          minmay_temple_entry_mini_moons, biasface_ghost_orc_armoury
D:5:      layout_rooms, elyvilon_altar_3, mainiacjoe_overflow_boulevard,
          mainiacjoe_overflow_chevrons, mainiacjoe_overflow_surrounded_room,
          enter_ossuary_1, serial_bayou_lagoon_a, minmay_increasing_density
D:6:      layout_basic, lemuel_round_altar, chequers_serial_rivers_micro_b,
          uniq_eustachio
D:7:      layout_gridville, kennysheep_crisscross, nicolae_figureground_sparkle
D:8:      layout_loops_ring, nicolae_ru_awakened_eye, nzn_wu_jian_council_hall,
          grunt_nemelex_the_gamble, lightli_temple_of_fire
D:9:      layout_irregular_city, marbit_many_paths, dpeg_lair_monsters
D:10:     minmay_twisted_water, layout_long_grid, serial_park_tiny_2
D:11:     layout_cave_pools, zombieorc2_lemuel, uniq_erica, uniq_erolcha
D:12:     layout_roguey, st_stairs_8
D:13:     layout_roguey, david_vaults_1, gammafunk_ghost_mausoleum
D:14:     layout_roguey, nicolae_sextant, minmay_st_funbox
D:15:     gammafunk_enter_depths_forms, layout_small_grid,
          minmay_misc_feat_doors, nicolae_hexahallways,
          hellmonk_guarded_unrand_salamander
Lair:1:   layout_hall_layers, minmay_hedge_maze, serial_bayou_pond_e,
          uniq_harold
Lair:2:   layout_loops_ring, minmay_swamp_entry_swarm,
          minmay_snake_entry_guardpost_small, lemuel_fruit_fields, uniq_nergalle
Lair:3:   layout_layer_cave, serial_bayou_shore_a, infiniplex_staircase_pool,
          grunt_megastairs_1
Lair:4:   layout_regular_city, minmay_slime_entry_jelly_boxes, lemuel_fruit_tree
Lair:5:   due_jungle_book, layout_regular_city, serial_bayou_shore_b

Skill      XL: |  1  2  3  4  5  6  7  8  9 10 11 12 13 14 15 |
---------------+----------------------------------------------+-----
Armour         | 3 4 5 7 9 10 12 13 15 17 | 17.6
Dodging        | 2 3 4 5 6 7 8 9 |  9.2
Fighting       | 4 5 6 7 8 9 10 11 12 | 12.2
Maces & Flails | 4 5 7 8 10 11 12 14 15 | 15.4

Action                     |  1- 3 |  4- 6 |  7- 9 | 10-12 | 13-15 || total
---------------------------+-------+-------+-------+-------+-------++-------
  Melee: Mace              |   116 |    71 |   358 |   429 |       ||   974
         Punch             |     1 |     1 |    11 |    13 |    23 ||    49
         Flail             |       |       |       |   348 |  1149 ||  1497
 Invoke: Berserk           |       |       |     1 |     2 |     3 ||     6
    Use: Scroll            |       |       |     2 |     5 |    12 ||    19
         Potion            |       |       |       |       |     1 ||     1
   Stab: Sleeping          |     1 |       |       |       |       ||     1
         Distracted        |       |       |     1 |     4 |       ||     5
         Petrified         |       |       |       |     3 |       ||     3
 Armour: Animal skin       |    32 |     2 |       |       |       ||    34
         Leather armour    |       |    14 |   147 |    78 |       ||   239
         Troll leather arm |       |       |       |   181 |   163 ||   344
         Chain mail        |       |       |       |       |   140 ||   140
  Dodge: Dodged            |    54 |    58 |   391 |   922 |   780 ||  2205
  Block: Other             |       |       |       |       |   182 ||   182
         Reflection        |       |       |       |       |    16 ||    16
